 Dungeon Crawl Stone Soup version 0.25.0-9-g26727b657a (webtiles) character file.

Game seed: 4518921304454917439

310 Esekla the Magician (level 6, -3/34 HPs)
             Began as a Deep Elf Warper on June 20, 2020.
             Was a Follower of Qazlal.
             Slain by an ogre
             ... wielding a +0 giant club
              (10 damage)
             ... on level 3 of the Dungeon.
             The game lasted 00:28:58 (4331 turns).

Esekla the Magician (Deep Elf Warper)               Turns: 4331, Time: 00:28:58

Health: -3/34      AC:  6    Str:  8    XL:     6   Next: 17%
Magic:  8/14       EV: 13    Int: 19    God:    Qazlal [*.....]
Gold:   157        SH:  2    Dex: 15    Spells: 2/13 levels left

rFire    . . .     SeeInvis .   k - +4 dagger
rCold    + . .     Gourm    .   (no shield)
rNeg     . . .     Faith    +   r - +0 leather armour {rC+}
rPois    .         Spirit   .   (no helmet)
rElec    .         Reflect  .   u - +0 cloak
rCorr    .         Harm     .   c - +0 pair of gloves
MR       .....                  l - +0 pair of boots
Stlth    +.........             w - amulet of faith
HPRegen  0.11/turn              (no ring)
MPRegen  0.14/turn              (no ring)

@: very slightly contaminated
A: no striking features
a: Renounce Religion


You were on level 3 of the Dungeon.
You worshipped Qazlal.
Qazlal was aware of your devotion.
You were not hungry.

You visited 1 branch of the dungeon, and saw 5 of its levels.

You collected 157 gold pieces.

Inventory:

Hand Weapons
 a - a +0 falchion
 k - a +4 dagger (weapon)
 x - a +2 spear of venom
Armour
 c - a +0 pair of gloves (worn)
 l - a +0 pair of boots (worn)
 r - a +0 leather armour of cold resistance (worn)
 u - a +0 cloak (worn)
Jewellery
 b - an uncursed ring of fire
 w - an amulet of faith (around neck)
Scrolls
 d - a scroll of blinking
 g - a scroll of enchant armour {unknown}
 h - 6 scrolls of teleportation {unknown}
 i - 3 scrolls of identify {unknown}
 q - a scroll of remove curse {unknown}
 t - a scroll of magic mapping {unknown}
 v - 2 scrolls of amnesia {unknown}
Potions
 j - 2 potions of flight {unknown}
 m - a potion of resistance {unknown}
 n - 3 potions of brilliance {unknown}
 o - a potion of haste {unknown}
 p - a potion of ambrosia {unknown}
 s - a potion of heal wounds {unknown}
Comestibles
 f - 7 rations
 z - a chunk of flesh


   Skills:
 - Level 1.5 Fighting
 + Level 2.0(3.0) Short Blades
 * Level 3.1(3.4) Long Blades
 + Level 1.3 Throwing
 - Level 0.7 Armour
 * Level 3.7 Dodging
 - Level 1.0 Stealth
 * Level 4.3 Spellcasting
 * Level 1.1 Conjurations
 * Level 1.8 Hexes
 * Level 2.6 Charms
 + Level 3.7 Translocations


You had 2 spell levels left.
You knew the following spells:

 Your Spells              Type           Power        Failure   Level  Hunger
a - Apportation           Tloc           ###...       4%          1    None
b - Blink                 Tloc           N/A          6%          2    #......
d - Dazzling Flash        Conj/Hex       #.....       30%         3    ###....
g - Shroud of Golubria    Chrm/Tloc      ###...       8%          2    #......
k - Tukima's Dance        Hex            ##......     26%         3    ###....

Your spell library contained the following spells:

 Spells                   Type           Power        Failure   Level  Hunger
 Corona                   Hex            ##.....      9%          1    None
 Animate Skeleton         Necr           N/A          19%         1    None
 Summon Small Mammal      Summ           #...         19%         1    None
 Ensorcelled Hibernation  Hex/Ice        #.....       21%         2    #......
 Gell's Gravitas          Tloc           ###.......   12%         3    ###....
 Lesser Beckoning         Tloc           ###.......   12%         3    ###....
 Teleport Other           Tloc           ###.....     12%         3    ###....
 Confusing Touch          Hex            ##......     26%         3    ###....
 Passage of Golubria      Tloc           N/A          38%         4    ####...


Dungeon Overview and Level Annotations

Branches:
Dungeon (5/15)
 Temple: D:4-7

Altars:
Elyvilon
Makhleb
Qazlal
The Shining One


Message History

Confirm with . or Enter, or press ? or * to list all spells.
You can't see any susceptible monsters within range! (Use Z to cast anyway.)
Casting: Blink (safe; 6% risk of failure)
Confirm with . or Enter, or press ? or * to list all spells.
Okay, then.
Casting: Blink (safe; 6% risk of failure)
Confirm with . or Enter, or press ? or * to list all spells.
The spell is quite dangerous to cast (30% risk of failure)!
Continue anyway?
You miscast Dazzling Flash.
You are very lightly contaminated with residual magic.
The air around you crackles with energy!
* * * LOW HITPOINT WARNING * * *
Casting: Dazzling Flash (quite dangerous; 30% risk of failure)
Confirm with . or Enter, or press ? or * to list all spells.
You blink.
Casting: Blink (safe; 6% risk of failure)
Confirm with . or Enter, or press ? or * to list all spells.
You miscast Blink.
Nothing appears to happen.
The ogre hits you with a +0 giant club!
You die...

.......................#
.......................#
.......................#
###..#.................#
####...................#
.....##..####..........#
####.###..##...........#
#....#..#..........##
####..#......@.....#
########..##...○O.....#
.....................##
############.........#
#.........###
#..)........#
#........._.#
#...........#
##..........#


You could see an ogre.

Vanquished Creatures
  Sigmund (D:2)
  An orc priest (D:3)
  An adder (D:2)
  A gnoll (D:3)
  3 oozes (D:1)
  2 worms
  2 leopard geckos
  10 orcs
  2 giant cockroaches (D:3)
  8 hobgoblins
  11 jackals
  2 quokkas
  3 bats
  4 frilled lizards (D:1)
  8 goblins
  3 kobolds (D:1)
  7 rats
69 creatures vanquished.

Notes
Turn   | Place    | Note
-------+----------+-------------------------------------------
     0 | D:1      | Esekla the Deep Elf Warper began the quest for the Orb.
     0 | D:1      | Reached XP level 1. HP: 12/12 MP: 6/6
    74 | D:1      | Found a glowing golden altar of the Shining One.
   660 | D:3      | Reached XP level 2. HP: 2/16 MP: 8/8
   968 | D:3      | Learned a level 2 spell: Shroud of Golubria
   971 | D:3      | Learned a level 2 spell: Blink
  1082 | D:3      | Reached XP level 3. HP: 5/20 MP: 7/9
  1124 | D:3      | Reached skill level 1 in Charms
  1135 | D:3      | Found a white marble altar of Elyvilon.
  1142 | D:3      | Found a runed translucent door.
  1142 | D:3      | Noticed an angel
  1142 | D:3      | You fall into a shaft and drop 2 floors!
  1142 | D:5      | Entered Level 5 of the Dungeon
  1142 | D:5      | Found a stormy altar of Qazlal.
  1150 | D:5      | Became a worshipper of Qazlal Stormbringer
  1366 | D:5      | Noticed an ogre
  1470 | D:5      | Learned a level 1 spell: Apportation
  1820 | D:1      | Reached skill level 1 in Stealth
  1820 | D:1      | Reached XP level 4. HP: 22/25 MP: 9/11
  2117 | D:1      | Reached * piety under Qazlal
  2814 | D:2      | Learned a level 3 spell: Dazzling Flash
  2916 | D:2      | Noticed Sigmund
  2972 | D:3      | Reached skill level 1 in Short Blades
  3092 | D:3      | Found a burning altar of Makhleb.
  3392 | D:2      | Reached skill level 1 in Hexes
  3885 | D:3      | Reached XP level 5. HP: 29/29 MP: 9/12
  3908 | D:4      | Noticed an ogre
  4178 | D:2      | Killed Sigmund
  4178 | D:2      | Reached skill level 4 in Spellcasting
  4178 | D:2      | Reached skill level 1 in Conjurations
  4178 | D:2      | Reached XP level 6. HP: 21/34 MP: 12/14
  4184 | D:2      | Learned a level 3 spell: Tukima's Dance
  4331 | D:3      | Slain by an ogre

Illustrated notes

Levels and vault maps discovered:
D:1:      evilmike_arrival_rings, layout_basic, tso_metal_star
D:2:      layout_basic, first_ration, minmay_box_of_dots, uniq_sigmund
D:3:      layout_rooms, bloody_makhleb, cheibrodos_sewer_entry_drain,
          minivault_24, lemuel_angel_altar
D:4:      layout_basic
D:5:      layout_loops_ring, grunt_temple_overflow_open, grunt_qazlal_sundering,
          minmay_temple_entry_antechambers

Skill      XL: |  1  2  3  4  5 |
---------------+----------------+-----
Long Blades    | 2 3 |  3.1
Dodging        | 3 |  3.7
Charms         | 1 2 |  2.6
Stealth        | 1 |  1.0
Short Blades   | 1 2 |  2.0
Hexes          | 1 |  1.8
Spellcasting   | 4 |  4.3
Conjurations   | 1 |  1.1
Fighting       | |  1.5
Throwing       | |  1.3
Armour         | |  0.7
Translocations | |  3.7

Action                   |  1- 3 |  4- 6 || total
-------------------------+-------+-------++-------
Melee: Falchion          |    33 |       ||    33
       Dagger            |    96 |   167 ||   263
Throw: Boomerang         |     4 |     1 ||     5
 Cast: Shroud of Golubri |    10 |    24 ||    34
       Apportation       |     7 |       ||     7
       Blink             |       |     2 ||     2
 Stab: Sleeping          |     2 |     1 ||     3
  Eat: Chunk             |     3 |     6 ||     9
       Ration            |       |     1 ||     1
Armor: Leather armour    |    28 |    36 ||    64
Dodge: Dodged            |    87 |    94 ||   181
Block: Other             |       |     9 ||     9
       Rpst.: Falchion   |     5 |       ||     5
